TOP OF THE 1ST |
Bemidji Benders batting - Pitching for Erie Jaxx : RHP Steve Bigham
|
Pitching: RHP Steve Bigham
|
|
Batting: SHB Conan Hanson
|
0-0: Ball 1-0: Called Strike 1-1: Fly out, F7 (Flyball, 78S)
|
Batting: RHB Ralph Wells
|
0-0: Ball 1-0: Foul Ball, location: 2F 1-1: Ball 2-1: Ground out 5-3 (Groundball, 56S)
|
Batting: LHB Caleb Hall
|
0-0: Called Strike 0-1: Ball 1-1: Foul Ball, location: 2F 1-2: Ball 2-2: Strikes out swinging
|
Top of the 1st over - 0 run(s), 0 hit(s), 0 error(s), 0 left on base; Bemidji 0 - Erie 0 |
BOTTOM OF THE 1ST |
Erie Jaxx batting - Pitching for Bemidji Benders : LHP José Travez
|
Pitching: LHP José Travez
|
|
Batting: LHB Kyle Robbins
|
0-0: Ground out 3-1 (Groundball, 34)
|
Batting: SHB José Durango
|
0-0: Ground out 6-3 (Groundball, 6S)
|
Batting: SHB Michael Field
|
0-0: Ball 1-0: Fly out, F8 (Flyball, 8LM)
|
Bottom of the 1st over - 0 run(s), 0 hit(s), 0 error(s), 0 left on base; Bemidji 0 - Erie 0 |
TOP OF THE 2ND |
Bemidji Benders batting - Pitching for Erie Jaxx : RHP Steve Bigham
|
Batting: RHB Pablo Díaz
|
0-0: SINGLE (Line Drive, 89M)
|
Batting: RHB Joe Zapata
|
0-0: Ball 1-0: 2-RUN HOME RUN (Flyball, 78XD), Distance : 401 ft
|
Batting: RHB Micheal Banks
|
0-0: Ball 1-0: SINGLE (Flyball, 9LS)
|
Batting: SHB Jorge García
|
0-0: Called Strike 0-1: Foul Ball, location: 2F 0-2: SINGLE (Groundball, 4D) Micheal Banks to second
|
Batting: RHB Leon Heath
|
0-0: Ball Wild Pitch! Micheal Banks to third Jorge García to second 1-0: Fly out, F9 (Line Drive, 89S)
|
Batting: RHB Roberto Villela
|
0-0: Called Strike 0-1: DOUBLE (Flyball, 89XD) Micheal Banks scores Jorge García scores
|
Batting: SHB Conan Hanson
|
0-0: Called Strike 0-1: Ball 1-1: Swinging Strike 1-2: Ball 2-2: Ball 3-2: Base on Balls
|
Batting: RHB Ralph Wells
|
0-0: Ball 1-0: Ball 2-0: Grounds into double play, 5-4-3 (Groundball, 56)
|
Top of the 2nd over - 4 run(s), 5 hit(s), 0 error(s), 1 left on base; Bemidji 4 - Erie 0 |
BOTTOM OF THE 2ND |
Erie Jaxx batting - Pitching for Bemidji Benders : LHP José Travez
|
Batting: RHB Ed Keesee
|
0-0: Ball 1-0: Ground out 5-3 (Groundball, 56)
|
Batting: LHB Jim Knight
|
0-0: Called Strike 0-1: Called Strike 0-2: Ball 1-2: Strikes out swinging
|
Batting: RHB Ángel Serrano
|
0-0: Ball 1-0: Ball 2-0: Ball 3-0: Called Strike 3-1: Base on Balls
|
Batting: RHB Edgardo Castro
|
0-0: Ball 1-0: DOUBLE (Line Drive, 78D) Ángel Serrano to third
|
Batting: RHB José Hernández
|
0-0: Fly out, F9 (Flyball, 9)
|
Bottom of the 2nd over - 0 run(s), 1 hit(s), 0 error(s), 2 left on base; Bemidji 4 - Erie 0 |
TOP OF THE 3RD |
Bemidji Benders batting - Pitching for Erie Jaxx : RHP Steve Bigham
|
Batting: LHB Caleb Hall
|
0-0: Ball 1-0: Foul Ball, location: 2F 1-1: Foul Ball, location: 2F 1-2: Strikes out swinging
|
Batting: RHB Pablo Díaz
|
0-0: Fly out, F3 (Popup, 3S)
|
Batting: RHB Joe Zapata
|
0-0: Called Strike 0-1: Foul Ball, location: 2F 0-2: Ball 1-2: Ball 2-2: Ground out 6-3 (Groundball, 6)
|
Top of the 3rd over - 0 run(s), 0 hit(s), 0 error(s), 0 left on base; Bemidji 4 - Erie 0 |
BOTTOM OF THE 3RD |
Erie Jaxx batting - Pitching for Bemidji Benders : LHP José Travez
|
Batting: RHB Júlio Hernández
|
0-0: Ball 1-0: Called Strike 1-1: Ball 2-1: Ball 3-1: Base on Balls
|
Batting: LHB Kyle Robbins
|
0-0: Called Strike 0-1: Swinging Strike 0-2: Ball 1-2: Strikes out swinging
|
Batting: SHB José Durango
|
0-0: Ball Júlio Hernández steals 2nd base 1-0: Foul Ball, location: 2F 1-1: Fly out, F7 (Line Drive, 78M)
|
Batting: SHB Michael Field
|
0-0: Called Strike 0-1: Ground out 6-3 (Groundball, 6)
|
Bottom of the 3rd over - 0 run(s), 0 hit(s), 0 error(s), 1 left on base; Bemidji 4 - Erie 0 |
TOP OF THE 4TH |
Bemidji Benders batting - Pitching for Erie Jaxx : RHP Steve Bigham
|
Batting: RHB Micheal Banks
|
0-0: Called Strike 0-1: Foul Ball, location: 2F 0-2: Strikes out looking
|
Batting: SHB Jorge García
|
0-0: Foul Ball, location: 2F 0-1: Called Strike 0-2: Ball 1-2: Strikes out swinging
|
Batting: RHB Leon Heath
|
0-0: Ball 1-0: Called Strike 1-1: Foul Ball, location: 2F 1-2: SINGLE (Groundball, 25) (infield hit)
|
Batting: RHB Roberto Villela
|
0-0: Ball 1-0: Foul Ball, location: 2F 1-1: Called Strike 1-2: Strikes out swinging
|
Top of the 4th over - 0 run(s), 1 hit(s), 0 error(s), 1 left on base; Bemidji 4 - Erie 0 |
BOTTOM OF THE 4TH |
Erie Jaxx batting - Pitching for Bemidji Benders : LHP José Travez
|
Batting: RHB Ed Keesee
|
0-0: Swinging Strike 0-1: DOUBLE (Line Drive, 9LM)
|
Pinch Runner at 2nd Andrés Silva:
|
|
Batting: LHB Jim Knight
|
0-0: Ball 1-0: Foul Ball, location: 2F 1-1: Foul Ball, location: 2F 1-2: Foul Ball, location: 2F 1-2: Strikes out looking
|
Batting: RHB Ángel Serrano
|
0-0: Fly out, F8 (Flyball, 89S)
|
Batting: RHB Edgardo Castro
|
0-0: Ball 1-0: Ball 2-0: Ground out 5-3 (Groundball, 5S)
|
Bottom of the 4th over - 0 run(s), 1 hit(s), 0 error(s), 1 left on base; Bemidji 4 - Erie 0 |
BOTTOM OF THE 5TH |
Erie Jaxx batting - Pitching for Bemidji Benders : LHP José Travez
|
Batting: RHB José Hernández
|
0-0: Foul Ball, location: 2F 0-1: Fly out, F8 (Flyball, 8LM)
|
Batting: RHB Júlio Hernández
|
0-0: Called Strike 0-1: Ball 1-1: Ball 2-1: Called Strike 2-2: Foul Ball, location: 2F 2-2: Ball 3-2: Strikes out looking
|
Batting: LHB Kyle Robbins
|
0-0: Ball 1-0: Called Strike 1-1: Ball 2-1: SINGLE (Line Drive, 4MD)
|
Batting: SHB José Durango
|
0-0: Ball 1-0: Foul Ball, location: 2F 1-1: Swinging Strike 1-2: Ball Kyle Robbins steals 2nd base 2-2: Ground out 5-3 (Groundball, 5)
|
Bottom of the 5th over - 0 run(s), 1 hit(s), 0 error(s), 1 left on base; Bemidji 6 - Erie 0 |
TOP OF THE 6TH |
Bemidji Benders batting - Pitching for Erie Jaxx : LHP Alfredo García
|
Batting: RHB Leon Heath
|
0-0: Foul Ball, location: 2F 0-1: Foul Ball, location: 2F 0-2: Ball 1-2: Foul Ball, location: 2F 1-2: Ball 2-2: SINGLE (Flyball, 89S)
|
Batting: RHB Roberto Villela
|
0-0: Called Strike 0-1: Foul Ball, location: 2F 0-2: Reached on error, E6 (Groundball, 6) Leon Heath to second
|
Batting: SHB Conan Hanson
|
0-0: Swinging Strike 0-1: Ball 1-1: Ball 2-1: Foul Ball, location: 2F 2-2: Ball 3-2: Base on Balls Leon Heath to third Roberto Villela to second
|
Batting: RHB Ralph Wells
|
0-0: Ball 1-0: Foul Ball, location: 2F 1-1: Foul Ball, location: 2F 1-2: Ball 2-2: Foul Ball, location: 2F 2-2: Strikes out swinging
|
Batting: LHB Caleb Hall
|
0-0: Ball 1-0: Fly out, F7 (Flyball, 7) Runner from 3rd tags up, SCORES, no throw
|
Batting: RHB Pablo Díaz
|
0-0: Fly out, F9 (Flyball, 9LS)
|
Top of the 6th over - 1 run(s), 1 hit(s), 1 error(s), 2 left on base; Bemidji 7 - Erie 0 |
BOTTOM OF THE 6TH |
Erie Jaxx batting - Pitching for Bemidji Benders : LHP José Travez
|
Batting: SHB Michael Field
|
0-0: Ball 1-0: Fly out, F8 (Flyball, 8LXD)
|
Batting: RHB Andrés Silva
|
0-0: Called Strike 0-1: Ball 1-1: Swinging Strike 1-2: DOUBLE (Line Drive, 9LS)
|
Batting: LHB Jim Knight
|
0-0: Swinging Strike 0-1: Hit by Pitch
|
Batting: RHB Ángel Serrano
|
0-0: Grounds into double play, 5-4-3 (Groundball, 56)
|
Bottom of the 6th over - 0 run(s), 1 hit(s), 0 error(s), 1 left on base; Bemidji 7 - Erie 0 |
TOP OF THE 7TH |
Bemidji Benders batting - Pitching for Erie Jaxx : LHP Alfredo García
|
Batting: RHB Joe Zapata
|
0-0: Fly out, F7 (Flyball, 78M)
|
Batting: RHB Micheal Banks
|
0-0: Called Strike 0-1: Ball 1-1: Fly out, F8 (Flyball, 8LS)
|
Batting: SHB Jorge García
|
0-0: Ball 1-0: DOUBLE (Line Drive, 89M)
|
Batting: RHB Leon Heath
|
0-0: Foul Ball, location: 2F 0-1: Ground out 5-3 (Groundball, 56)
|
Top of the 7th over - 0 run(s), 1 hit(s), 0 error(s), 1 left on base; Bemidji 7 - Erie 0 |
BOTTOM OF THE 7TH |
Erie Jaxx batting - Pitching for Bemidji Benders : LHP José Travez
|
Batting: RHB Edgardo Castro
|
0-0: Called Strike 0-1: Ball 1-1: Ball 2-1: Called Strike 2-2: SINGLE (Flyball, 89S)
|
Batting: RHB José Hernández
|
0-0: Called Strike 0-1: Foul Ball, location: 2F 0-2: Ball 1-2: Strikes out swinging
|
Batting: RHB Júlio Hernández
|
0-0: Ball 1-0: Ball 2-0: Foul Ball, location: 2F 2-1: Swinging Strike 2-2: Ball 3-2: Base on Balls Edgardo Castro to second
|
Pitching: RHP Tom Fisher
|
|
Batting: LHB Kyle Robbins
|
0-0: Ball 1-0: Called Strike 1-1: Called Strike 1-2: DOUBLE (Line Drive, 9LS) Edgardo Castro scores Júlio Hernández to third Runner from 3rd tries for Home, SAFE, no throw
|
Batting: SHB José Durango
|
0-0: Ball 1-0: Ball 2-0: Called Strike 2-1: Ball 3-1: Foul Ball, location: 2F Balk! Kyle Robbins to third 3-2: Base on Balls
|
Batting: SHB Michael Field
|
0-0: Fly out, F8 (Flyball, 78D) Runner from 3rd tags up, SCORES, no throw
|
Batting: RHB Andrés Silva
|
0-0: Called Strike 0-1: Foul Ball, location: 2F 0-2: Strikes out swinging
|
Bottom of the 7th over - 3 run(s), 2 hit(s), 0 error(s), 1 left on base; Bemidji 7 - Erie 3 |
TOP OF THE 8TH |
Bemidji Benders batting - Pitching for Erie Jaxx : LHP Alfredo García
|
Batting: RHB Roberto Villela
|
0-0: Ball 1-0: Ball 2-0: Foul Ball, location: 2F 2-1: Foul Ball, location: 2F 2-2: Ball 3-2: Base on Balls
|
Batting: SHB Conan Hanson
|
0-0: Ball 1-0: Bunt missed! 1-1: Ball 2-1: Ball 3-1: Reached on error, E5 (Groundball, 5S) Roberto Villela to third
|
Batting: RHB Ralph Wells
|
0-0: Ball 1-0: Ground out 6-3 (Groundball, 56) Roberto Villela scores
|
Batting: LHB Caleb Hall
|
0-0: Called Strike 0-1: Called Strike 0-2: Ball 1-2: Ball 2-2: Foul Ball, location: 2F 2-2: Ball 3-2: Base on Balls
|
Batting: RHB Pablo Díaz
|
0-0: Foul Ball, location: 2F 0-1: Swinging Strike 0-2: Strikes out swinging
|
Pitching: RHP Jorge Ríos
|
|
Batting: RHB Joe Zapata
|
0-0: Ball 1-0: Foul Ball, location: 2F 1-1: Ball 2-1: Foul Ball, location: 2F 2-2: Ball 3-2: Base on Balls Conan Hanson to third Caleb Hall to second
|
Batting: RHB Micheal Banks
|
0-0: Foul Ball, location: 2F 0-1: SINGLE (Groundball, 56D) Conan Hanson scores Caleb Hall to third Joe Zapata to second Runner from 3rd tries for Home, SAFE, throw made at trailing runner, OUT at third!
|
Top of the 8th over - 3 run(s), 1 hit(s), 1 error(s), 1 left on base; Bemidji 10 - Erie 3 |
BOTTOM OF THE 8TH |
Erie Jaxx batting - Pitching for Bemidji Benders : RHP Tom Fisher
|
Now at 1B: Pat Carroll
|
|
Now at 2B: John Jones
|
|
Batting: LHB Jim Knight
|
0-0: Called Strike 0-1: Swinging Strike 0-2: Ball 1-2: Foul Ball, location: 2F 1-2: Strikes out swinging
|
Batting: RHB Ángel Serrano
|
0-0: Ball 1-0: Called Strike 1-1: Foul Ball, location: 2F 1-2: Strikes out swinging
|
Batting: RHB Edgardo Castro
|
0-0: Called Strike 0-1: Foul Ball, location: 2F 0-2: Strikes out swinging
|
Bottom of the 8th over - 0 run(s), 0 hit(s), 0 error(s), 0 left on base; Bemidji 10 - Erie 3 |
TOP OF THE 9TH |
Bemidji Benders batting - Pitching for Erie Jaxx : RHP Jorge Ríos
|
Batting: SHB Jorge García
|
0-0: Called Strike 0-1: Ball 1-1: SINGLE (Groundball, 34D)
|
Batting: RHB Leon Heath
|
0-0: Called Strike 0-1: Ball 1-1: Fly out, F8 (Flyball, 8RM)
|
Batting: RHB Roberto Villela
|
0-0: Called Strike 0-1: Foul Ball, location: 2F 0-2: Foul Ball, location: 2F 0-2: Ball 1-2: Foul Ball, location: 2F 1-2: SINGLE (Groundball, 34D) Jorge García to second Runner from 2nd tries for 3rd, SAFE, throw made to third
|
Batting: SHB Conan Hanson
|
0-0: Ball Roberto Villela is caught stealing 2nd base 1-0: SINGLE (Groundball, 6D) Jorge García scores
|
Batting: RHB Ralph Wells
|
0-0: Called Strike 0-1: Ball 1-1: Foul Ball, location: 2F 1-2: Foul Ball, location: 2F 1-2: Fly out, F9 (Flyball, 9S)
|
Top of the 9th over - 1 run(s), 3 hit(s), 0 error(s), 1 left on base; Bemidji 11 - Erie 3 |
BOTTOM OF THE 9TH |
Erie Jaxx batting - Pitching for Bemidji Benders : RHP Tom Fisher
|
Batting: RHB José Hernández
|
0-0: Called Strike 0-1: Ball 1-1: Called Strike 1-2: Strikes out swinging
|
Batting: RHB Júlio Hernández
|
0-0: SINGLE (Line Drive, 56D)
|
Batting: LHB Kyle Robbins
|
0-0: Foul Ball, location: 2F 0-1: Foul Ball, location: 2F 0-2: Ball 1-2: Foul Ball, location: 2F 1-2: Ball 2-2: Strikes out swinging
|
Batting: SHB José Durango
|
0-0: Foul Ball, location: 2F 0-1: Swinging Strike 0-2: Strikes out swinging
|
Bottom of the 9th over - 0 run(s), 1 hit(s), 0 error(s), 1 left on base; Bemidji 11 - Erie 3 |
|